 Dungeon Crawl Stone Soup version 0.13.0-5-g7e31f0a (webtiles) character file.

260 Antur the Insei (level 4, 0/32 HPs)
             Began as a Merfolk Transmuter on Oct 14, 2013.
             Succumbed to a kobold's poison
             ... on Level 3 of the Dungeon.
             The game lasted 00:07:32 (2545 turns).

Antur the Insei (Merfolk Transmuter)                Turns: 2545, Time: 00:07:32

HP   0/32        AC  2     Str 10      XL: 4   Next: 72%
MP   6/6         EV 14     Int 18      God:
Gold 161         SH  0     Dex 14      Spells:  3 memorised,  1 level left

Res.Fire  : . . .   See Invis. : .     - Unarmed
Res.Cold  : . . .   Warding    : .   c - +0 robe
Life Prot.: . . .   Conserve   : .   (no shield)
Res.Poison: .       Res.Corr.  : .   (no helmet)
Res.Elec. : .       Clarity    : .   (no cloak)
Sust.Abil.: . .     Spirit.Shd : .   (no gloves)
Res.Mut.  : .       Stasis     : .   (no boots)
Res.Rott. : .       Flight     : .   (no amulet)
Saprovore : . . .                    (no ring)
                                     (no ring)

@: brilliant, quite poisoned, very slightly contaminated, hasted, very quick,
slightly resistant to hostile enchantments, unstealthy
A: change form in water, swift swim
a: no special abilities


You were on level 3 of the Dungeon.
You were hungry.

You visited 1 branch of the dungeon, and saw 3 of its levels.

You collected 141 gold pieces.

Inventory:

Missiles
 b - 9 arrows
 r - 2 throwing nets (quivered)
Armour
 c - a +0 robe (worn)
Magical devices
 u - a wand of paralysis (9) {unknown}
Comestibles
 n - 2 bread rations
 s - a royal jelly
 t - a choko
Scrolls
 a - 4 scrolls of amnesia
 e - a scroll of random uselessness
 g - 2 scrolls of remove curse {unknown}
 h - a scroll of enchant weapon II {unknown}
 m - a scroll of identify
 p - a scroll of noise
 q - 2 scrolls of fog
 v - a scroll of curse jewellery {unknown}
Jewellery
 o - an uncursed ring of fire
Books
 d - a book of Changes

   Spells                             Type                      Level
   *Beastly Appendage                 Transmutation                1
   *Sticks to Snakes                  Transmutation                2
   *Spider Form                       Transmutation/Poison         3
   Ice Form                           Ice/Transmutation            4
   Blade Hands                        Transmutation                5


   Skills:
 + Level 1.7 Fighting
 + Level 4.0 Dodging
 + Level 0.5 Stealth
 * Level 4.2 Unarmed Combat
 + Level 2.4 Spellcasting
 + Level 3.2 Transmutations


You had one spell level left.
You knew the following spells:

 Your Spells              Type           Power        Failure   Level  Hunger
a - Beastly Appendage     Trmt           ###...       1%          1    #......
b - Sticks to Snakes      Trmt           ###.......   1%          2    ##.....
c - Spider Form           Trmt/Pois      ###.......   3%          3    ###....


Dungeon Overview and Level Annotations

Branches:
Dungeon (3/27)

Altars:


Message History

* * * LOW HITPOINT WARNING * * *
You feel sick.
You aren't carrying any potions.
Read which item? (? for menu, Esc to quit)
Okay, then.
You start resting.
* * * LOW HITPOINT WARNING * * *
You feel sick.
* * * LOW HITPOINT WARNING * * *
You feel sick.
Things that are here:
an uncursed orcish blowgun; 8 poisoned needles; a kobold corpse You open the door.
* * * LOW HITPOINT WARNING * * *
You feel sick.
* * * LOW HITPOINT WARNING * * *
You feel sick.
You are feeling hungry.
There is an open door here.
You die...

###### #.# #.# #.#
######## #.# #......#
#.# #......# #.#
#......# #.#
#####......# ##.##
#..@').....# #....
#.###......# #..#. #
#(###### #....
####.###.(..#######....
.......>(..............
###########.#.......###
#.##.###### #.##.#
#....#


There were no monsters in sight!

Vanquished Creatures
  Terence (D:2)
  A gnoll (D:1)
  2 adders (D:2)
  A worm (D:2)
  A giant gecko (D:1)
  5 orcs (D:3)
  7 hobgoblins
  7 kobolds
  A quokka (D:2)
  5 bats
  3 giant cockroaches
  6 giant newts
  5 goblins
  4 rats
49 creatures vanquished.

Notes
Turn   | Place    | Note
--------------------------------------------------------------
     0 | D:1      | Antur, the Merfolk Transmuter, began the quest for the Orb.
     0 | D:1      | Reached XP level 1. HP: 15/15 MP: 1/1
   152 | D:1      | Reached XP level 2. HP: 7/21 MP: 3/3
   326 | D:1      | Learned a level 2 spell: Sticks to Snakes
  1171 | D:2      | Noticed Terence
  1181 | D:2      | Reached skill level 4 in Unarmed Combat
  1181 | D:2      | Reached XP level 3. HP: 8/26 MP: 0/4
  1404 | D:2      | Learned a level 3 spell: Spider Form
  1443 | D:2      | Killed Terence
  1443 | D:2      | Reached XP level 4. HP: 22/32 MP: 3/6
  2533 | D:3      | Paralysed by a potion of paralysis for 5 turns
  2544 | D:3      | HP: 1/32 [poisoned by a kobold]
  2545 | D:3      | Succumbed to a kobold's poison

Action                   |  1- 3 |  4- 6 || total
-------------------------+-------+-------++-------
Melee: Unarmed           |   114 |    95 ||   209
 Cast: Beastly Appendage |    12 |     4 ||    16
       Sticks to Snakes  |     3 |       ||     3
       Spider Form       |       |     1 ||     1
  Use: Scroll            |     5 |     3 ||     8
       Potion            |     2 |     6 ||     8
